cohdb
Replays
Latest Replays
All Replays
Popular Replays
Top Player Replays
Match Explorer
How It Works
Community
CoH3 Stats
Reddit
Sign in to upload your games and track your stats! →
Sign in with Steam
Match 45861640
Unlisted
Match 45861640
Overview
Messages
Build Orders
End
Construct Infanterie Kompanie
Kettenkrad Recon Vehicle
MG 42 Machine Gun Team
Grenadier Squad
Grenadier Squad
GrW 34 Mortar Team
Grenadier Squad
Infanterie Officer Quarters
Selects Mechanized Battlegroup
Selects Raid Package
Construct Panzergrenadier Kompanie
Pak 40 Anti-tank Gun Team
Construct Panzer Kompanie
Panzer IV Medium Tank
St. Jordi Corporation
Hammerdon
♠
mi prima de Cifuentes
Farsurem
감귤
h4sjohnson
EAST CLINTWOOD
0
0
Comments
sign in to comment!
No comments posted yet!